 Dungeon Crawl Stone Soup version 0.30.1-11-g7821555f0a (webtiles) character file.

Game seed: 4226531238572309864

49 monsoonserge the Grasshopper (level 3, 0/28 HPs)
             Began as a Demonspawn Warper on Dec 10, 2023.
             Succumbed to an adder's poison
             ... on level 2 of the Dungeon.
             The game lasted 00:02:05 (1133 turns).

monsoonserge the Grasshopper (Demonspawn Warper)    Turns: 1133, Time: 00:02:06

Health: 0/28       AC:  3    Str: 11    XL:     3   Next: 53%
Magic:  6/6        EV: 11    Int: 16    God:
Gold:   62         SH:  0    Dex: 12    Spells: 6/6 levels left

rFire   . . .        a - +0 falchion
rCold   . . .        (no shield)
rNeg    . . .        b - +0 leather armour
rPois   .            (no helmet)
rElec   .            (no cloak)
rCorr   .            (no gloves)
SInv    .            (no boots)
Will    .....        (no amulet)
Stlth   +            (no ring)
HPRegen 0.24/turn    (no ring)
MPRegen 0.10/turn

%: no passive effects
@: lethally poisoned (0 -> -6)
A: hooves 1, demonic guardian 1
a: no special abilities


You were on level 2 of the Dungeon.
You visited 1 branch of the dungeon, and saw 2 of its levels.

You collected 62 gold pieces.

Inventory:

Hand Weapons
 a - a +0 falchion (weapon)
Missiles
 d - 7 boomerangs of dispersal (quivered)
Armour
 b - a +0 leather armour (worn)
Scrolls
 c - 2 scrolls of blinking
 e - a scroll of enchant armour {unknown}
 f - a scroll of magic mapping {unknown}
 g - 2 scrolls of identify {unknown}
 h - a scroll of noise {unknown}
Potions
 i - a potion of brilliance {unknown}


   Skills:
 + Level 2.5 Fighting
 + Level 2.4 Long Blades
 + Level 0.8 Throwing
 + Level 1.4 Armour
 + Level 2.0 Dodging
 + Level 2.1 Spellcasting
 + Level 2.9 Translocations


You had 6 spell levels left.
You didn't know any spells.
Your spell library contained the following spells:

 Spells                   Type           Power      Damage    Failure   Level
 Blink                    Tloc           22%        N/A       12%         2
 Lesser Beckoning         Tloc           22%        N/A       12%         2
 Teleport Other           Tloc           11%        N/A       24%         3
 Vhi's Electric Charge    Tloc/Air       12%        N/A       41%         3
 Manifold Assault         Tloc           11%        N/A       61%         4


Dungeon Overview and Level Annotations

Branches:
Dungeon (2/15)

Altars:


Innate Abilities, Weirdness & Mutations

You have large cloven feet.
A weak demonic guardian rushes to your aid.


Message History

You see here a scroll labelled JUTSUB UWKEXAT.
g - 2 scrolls labelled JUTSUB UWKEXAT (gained 1)
The adder barely misses you. The adder bites you.
You miss the adder. Your kick misses the adder. The adder bites you.
You miss the adder. You kick the adder.
The adder is lightly wounded.
The adder bites you. x2
You are poisoned.
The adder poisons you!
You closely miss the adder.
The adder is lightly wounded.
You feel sick. The adder barely misses you.
You closely miss the adder. You kick the adder.
The adder is heavily wounded.
You feel sick. The adder closely misses you. The adder misses you.
You miss the adder.
The adder is heavily wounded.
You feel sick. The adder bites you but does no damage.
You hit the adder.
The adder is almost dead.
You feel sick.
You are no longer poisoned.
The adder bites you.
* * * LOW HITPOINT WARNING * * *
The adder closely misses you.
You completely miss the adder.
The adder is almost dead.
The adder bites you.
* * * LOW HITPOINT WARNING * * *
You are poisoned.
The adder poisons you!
You miss the adder.
The adder is almost dead.
You feel sick. The adder bites you but does no damage. The adder bites you.
* * * LOW HITPOINT WARNING * * *
A demonic guardian appears!
You are more poisoned.
The adder poisons you!
You swap places.
You die...

###... #..# #....# #..#
#...#. #..# ####...#.
###..## ####........ .....
........†... # #..# #
###........
#.######..##.#########....#
.........5@...............#
........S###.#########....#
#.##.....###.# ####.#
#........>...# #.#
####.....################.#
#......................#
########################


You could see an adder (ally target) and a friendly shadow imp (summoned).

Vanquished Creatures
  An adder (D:2)
  A dart slug (D:1)
  6 ball pythons
  6 endoplasms
  4 giant cockroaches (D:1)
  3 goblins (D:1)
  5 hobgoblins (D:1)
  A quokka (D:2)
  3 frilled lizards (D:1)
  A kobold (D:1)
  4 rats (D:1)
35 creatures vanquished.

Notes
Turn   | Place    | Note
-------+----------+-------------------------------------------
     0 | D:1      | monsoonserge the Demonspawn Warper began the quest for the
                  | Orb.
     0 | D:1      | Reached XP level 1. HP: 16/16 MP: 3/3
   277 | D:1      | Gained mutation: You have large cloven feet. [demonic
                  | ancestry]
   277 | D:1      | Reached XP level 2. HP: 6/23 MP: 5/5
   447 | D:1      | Reached skill level 1 in Armour
   472 | D:1      | Found a faded altar of an unknown god.
   720 | D:1      | Gained mutation: A weak demonic guardian rushes to your
                  | aid. [demonic ancestry]
   720 | D:1      | Reached XP level 3. HP: 26/28 MP: 6/6
  1132 | D:2      | HP: 1/28 [adder (4)]
  1133 | D:2      | Succumbed to an adder's poison

Illustrated notes

Levels and vault maps discovered:
D:1:      eino_arrival_cavern_d, layout_loops_ring, serial_rivers,
          chequers_serial_rivers_large_b, chequers_serial_rivers_small_b,
          chequers_serial_rivers_micro_d, chequers_serial_rivers_small_b,
          chequers_serial_rivers_micro_a,
          hellmonk_ecumenical_altar_slurped_away, dreamdust_princess_corridor
D:2:      layout_loops_ring, uniq_crazy_yiuf_cottage

Skill      XL: |  1  2  3 |
---------------+----------+-----
Armour         | 1 |  1.4
Long Blades    | 2 |  2.4
Dodging        | 2 |  2.0
Fighting       | |  2.5
Throwing       | |  0.8
Spellcasting   | |  2.1
Translocations | |  2.9

Action                     || total
---------------------------++-------
  Melee: Falchion          ||    94
         Kick              ||    17
   Stab: Sleeping          ||     1
 Armour: Leather armour    ||    29
  Dodge: Dodged            ||    50
